 Dungeon Crawl Stone Soup version 0.25-a0-265-g7af84ae0ac (webtiles) character file.

Game seed: 7916663021422800053, levelgen mode: deterministic

137 floatRand the Shield-Bearer (level 5, -3/41 HPs)
             Began as a Demonspawn Fighter on Dec 7, 2019.
             Slain by an orc priest
             ... wielding a +0 club
              (4 damage)
             ... on level 4 of the Dungeon.
             The game lasted 00:04:09 (2125 turns).

floatRand the Shield-Bearer (Demonspawn Fighter)    Turns: 2125, Time: 00:04:09

Health: -3/41      AC:  6    Str: 17    XL:     5   Next: 0%
Magic:  5/5        EV:  7    Int:  9    God:
Gold:   157        SH:  9    Dex: 13    Spells: 4/4 levels left

rFire    + . .     SeeInvis .   a - +0 trident
rCold    . . .     Gourm    .   c - +0 shield
rNeg     . . .     Faith    .   b - +0 scale mail
rPois    .         Spirit   .   (no helmet)
rElec    .         Reflect  .   (no cloak)
rCorr    .         Harm     .   (no gloves)
MR       .....                  (no boots)
Stlth    ..........             (no amulet)
HPRegen  0.13/turn              l - ring of protection from fire
MPRegen  0.09/turn              (no ring)

@: no status effects
A: demonic guardian 1
a: no special abilities


You were on level 4 of the Dungeon.
You were not hungry.

You visited 1 branch of the dungeon, and saw 4 of its levels.

You collected 157 gold pieces.

Inventory:

Hand Weapons
 a - a +0 trident (weapon)
Missiles
 s - 8 javelins (quivered)
Armour
 b - a +0 scale mail (worn)
 c - a +0 shield (worn)
Jewellery
 l - a ring of protection from fire (left hand)
Wands
 r - a wand of flame (12)
Scrolls
 g - a scroll of teleportation {unknown}
 i - 2 scrolls of magic mapping {unknown}
 n - 2 scrolls of remove curse {unknown}
Potions
 d - a potion of might
 e - a potion of brilliance {unknown}
 h - a potion of cancellation {unknown}
 j - a potion of mutation {unknown}
 k - a potion of ambrosia {unknown}
 o - a potion of flight {unknown}
 p - a potion of heal wounds {unknown}
 q - a potion of agility {unknown}
Comestibles
 f - 2 rations
 m - 4 chunks of flesh


   Skills:
 - Level 3.0 Fighting
 + Level 3.5 Polearms
 - Level 2.6 Armour
 + Level 4.1 Shields


You had 4 spell levels left.
You didn't know any spells.
Your spell library was empty.

Dungeon Overview and Level Annotations

Branches:
Dungeon (4/15)
 Temple: D:4-7

Altars:
Kikubaaqudgha
Xom


Innate Abilities, Weirdness & Mutations

A weak demonic guardian rushes to your aid.


Message History

The orc priest hits you with a +0 club.
* * * LOW HITPOINT WARNING * * *
You closely miss the orc priest.
The orc priest is almost dead.
The orc priest barely misses you.
Your scale mail prevents you from hitting the orc priest.
The orc priest is almost dead.
You block the orc priest's attack.
You barely miss the orc priest.
The orc priest is almost dead.
The orc priest mumbles some strange prayers to Beogh against you.
Beogh smites you!
* * * LOW HITPOINT WARNING * * *
You block the orc priest's attack.
You hear a shout!
You hit the orc priest but do no damage.
The orc priest is almost dead.
You hear a shout!
The orc priest hits you with a +0 club.
You die...

######
#)o..#
#@##.#
#<##.#
####.#
#o#
#.#
#.#
#.#
#o#


You could see an orc priest.

Vanquished Creatures
  An orc wizard (D:4)
  4 adders
  A worm (D:2)
  2 dart slugs
  2 leopard geckos
  4 orcs
  3 ball pythons
  6 giant cockroaches
  6 goblins
  7 hobgoblins
  4 jackals (D:3)
  9 kobolds
  8 bats
  7 frilled lizards
  A rat (D:3)
65 creatures vanquished.

Notes
Turn   | Place    | Note
-------+----------+-------------------------------------------
     0 | D:1      | floatRand the Demonspawn Fighter began the quest for the
                  | Orb.
     0 | D:1      | Reached XP level 1. HP: 18/18 MP: 1/1
   309 | D:1      | Reached skill level 3 in Shields
   309 | D:1      | Gained mutation: A weak demonic guardian rushes to your
                  | aid. [demonic ancestry]
   309 | D:1      | Reached XP level 2. HP: 24/24 MP: 2/2
   589 | D:2      | Found an ancient bone altar of Kikubaaqudgha.
   726 | D:2      | Found a shimmering altar of Xom.
   817 | D:2      | Reached XP level 3. HP: 29/29 MP: 3/3
  1523 | D:3      | Reached XP level 4. HP: 35/35 MP: 4/4
  2082 | D:4      | Reached skill level 4 in Shields
  2091 | D:4      | Reached XP level 5. HP: 33/41 MP: 5/5
  2124 | D:4      | HP: 1/41 [orc priest/divine providence (11)]
  2125 | D:4      | Slain by an orc priest

Levels and vault maps discovered:
D:1:      wheals_arrival_shading, layout_rooms
D:2:      layout_loops_ring, kiku_gazebo_pond_becter, solitary_fountain,
          xom_teletrap_fun
D:3:      layout_basic
D:4:      kennysheep_kobold_camp, layout_basic, gammafunk_temple_overflow_pools,
          elyvilon_altar_5, kennysheep_mini_moat

Skill      XL: |  1  2  3  4 |
---------------+-------------+-----
Polearms       | 2 3 |  3.5
Shields        | 3 4 |  4.1
Fighting       | |  3.0
Armour         | |  2.6

Action                   |  1- 3 |  4- 6 || total
-------------------------+-------+-------++-------
Melee: Trident           |   136 |    96 ||   232
 Stab: Distracted        |       |     1 ||     1
  Eat: Chunk             |     2 |     2 ||     4
Armor: Scale mail        |    57 |    26 ||    83
Dodge: Dodged            |    40 |    20 ||    60
Block: Shield            |    75 |    42 ||   117

Table legend:
 A = Non-vault XP
 B = Vault XP
 C = Vault XP percentage of total XP
 D = Non-vault monster count
 E = Vault monster count
 F = Vault count percentage of total count
                 A         B        C        D         E       F
            +---------+---------+-------+---------+---------+-------
      Total |     196 |       0 |   0.0 |      65 |       0 |   0.0
            +---------+---------+-------+---------+---------+-------
        D:1 |      18 |       0 |   0.0 |      13 |       0 |   0.0
        D:2 |      75 |       0 |   0.0 |      22 |       0 |   0.0
        D:3 |      60 |       0 |   0.0 |      26 |       0 |   0.0
        D:4 |      43 |       0 |   0.0 |       4 |       0 |   0.0
            +---------+---------+-------+---------+---------+-------
